 Dungeon Crawl Stone Soup version 0.25-a0-632-g7713895373 (webtiles) character file.

Game seed: 9117476705706101630, levelgen mode: deterministic

889 mopl the Skirmisher (level 8, -8/130 HPs)
             Began as an Ogre Fighter on Mar 19, 2020.
             Mangled by a gnoll
             ... wielding a +0 spear
              (12 damage)
             ... on level 6 of the Dungeon.
             The game lasted 00:07:40 (4471 turns).

mopl the Skirmisher (Ogre Fighter)                  Turns: 4471, Time: 00:07:41

Health: -8/130     AC:  5    Str: 21    XL:     8   Next: 6%
Magic:  8/8        EV:  8    Int:  9    God:
Gold:   171        SH:  8    Dex: 10    Spells: 7/7 levels left

rFire    . . .     SeeInvis .   a - +0 morningstar
rCold    + . .     Gourm    .   f - +0 kite shield
rNeg     + . .     Faith    .   d - +2 robe {rC+}
rPois    .         Spirit   .   (helmet restricted)
rElec    .         Reflect  .   (no cloak)
rCorr    .         Harm     .   (gloves unavailable)
MR       .....                  (boots unavailable)
Stlth    ..........             (no amulet)
HPRegen  0.31/turn              (no ring)
MPRegen  0.11/turn              u - ring of positive energy

@: berserking, very quick
A: large, unfitting armour, tough skin 1
a: no special abilities


You were on level 6 of the Dungeon.
You were not hungry.

You visited 1 branch of the dungeon, and saw 6 of its levels.

You collected 171 gold pieces.

Inventory:

Hand Weapons
 a - a +0 morningstar (weapon)
 w - a +0 flail
Missiles
 g - 67 stones (quivered)
 r - 4 atropa-tipped darts
 s - 6 silver boomerangs
 t - 10 large rocks
Armour
 d - a +2 robe of cold resistance (worn)
 f - a +0 kite shield (worn)
Jewellery
 k - an uncursed ring of ice
 n - an uncursed ring of see invisible
 u - a ring of positive energy (right hand)
 C - an uncursed ring of wizardry
Scrolls
 h - a scroll of teleportation
 p - a scroll of amnesia
 z - a scroll of fog {unknown}
 A - 2 scrolls of enchant armour
Potions
 m - a potion of mutation {!q}
 o - a potion of curing
 q - a potion of flight
 v - a potion of stabbing
 x - a potion of ambrosia
 D - a potion of haste
Comestibles
 b - 6 chunks of flesh
 c - 10 rations


   Skills:
 + Level 7.4 Fighting
 * Level 6.5 Maces & Flails
 + Level 2.4 Throwing
 - Level 2.6 Dodging
 - Level 2.6 Shields


You had 7 spell levels left.
You didn't know any spells.
Your spell library was empty.

Dungeon Overview and Level Annotations

Branches:
Dungeon (6/15)
 Temple: D:4-7

Altars:
Sif Muna

Annotations:
D:3 Dowan
D:4 Natasha
D:5 Ijyb


Innate Abilities, Weirdness & Mutations

You are too large for most types of armour.
You have tough skin. (AC +1)


Message History

The gnoll closely misses you.
The gnoll hits you from afar with a +0 spear.
* * * LOW HITPOINT WARNING * * *
The gnoll hits you with a +0 club.
* * * LOW HITPOINT WARNING * * *
You barely miss the gnoll.
The gnoll is severely wounded.
You block the gnoll's attack. The gnoll hits you with a +0 flail.
* * * LOW HITPOINT WARNING * * *
The gnoll barely misses you.
You bludgeon the gnoll!!
You kill the gnoll!
The gnoll hits you but does no damage. The gnoll hits you with a +0 club.
* * * LOW HITPOINT WARNING * * *
You barely miss the gnoll. The gnoll hits you but does no damage.
The gnoll barely misses you.
You impale the gnoll!!
You kill the gnoll!
The gnoll hits you from afar with a +0 spear!
You die...

#####
##...##
#.).⌠.#
+..@..#
#g⌠.).#
##...##
#####


You could see a gnoll.

Vanquished Creatures
  Sigmund (D:3)
  Eustachio (D:4)
  Menkaure (D:4)
  Duvessa (D:3)
  A howler monkey (D:4)
  A quasit (D:4)
  A centaur skeleton (D:4)
  2 orc wizards (D:4)
  Natasha (D:4)
  An iguana (D:4)
  3 gnolls (D:6)
  5 adders
  An ooze (D:4)
  A worm (D:1)
  2 dart slugs (D:1)
  6 leopard geckos
  2 orcs
  2 giant cockroaches
  4 goblins
  8 hobgoblins
  12 kobolds
  12 bats
  7 frilled lizards
  7 rats
83 creatures vanquished.

Notes
Turn   | Place    | Note
-------+----------+-------------------------------------------
     0 | D:1      | mopl the Ogre Fighter began the quest for the Orb.
     0 | D:1      | Reached XP level 1. HP: 24/24 MP: 1/1
    27 | D:1      | Reached skill level 2 in Maces & Flails
    38 | D:1      | Reached XP level 2. HP: 16/32 MP: 2/2
   564 | D:1      | Reached XP level 3. HP: 35/40 MP: 3/3
   919 | D:1      | Reached skill level 3 in Maces & Flails
  1488 | D:2      | Reached XP level 4. HP: 39/49 MP: 4/4
  1688 | D:2      | Reached skill level 5 in Fighting
  2522 | D:3      | Noticed Sigmund
  2546 | D:3      | Killed Sigmund
  2546 | D:3      | Reached skill level 6 in Fighting
  2546 | D:3      | Reached skill level 4 in Maces & Flails
  2546 | D:3      | Reached XP level 5. HP: 9/59 MP: 5/5
  2546 | D:3      | Reached XP level 6. HP: 10/67 MP: 6/6
  3256 | D:4      | Reached skill level 5 in Maces & Flails
  3391 | D:4      | Noticed Natasha
  3400 | D:4      | Killed Natasha
  3591 | D:4      | Found a shimmering blue altar of Sif Muna.
  3777 | D:4      | Noticed Menkaure
  3801 | D:4      | Killed Menkaure
  3801 | D:4      | Reached skill level 1 in Throwing
  3801 | D:4      | Reached XP level 7. HP: 29/76 MP: 7/7
  3810 | D:4      | HP: 2/76 [iguana (2)]
  4213 | D:4      | Noticed Eustachio
  4234 | D:4      | Killed Eustachio
  4234 | D:4      | Reached skill level 7 in Fighting
  4234 | D:4      | Reached skill level 6 in Maces & Flails
  4240 | D:4      | Noticed Duvessa
  4241 | D:4      | Noticed Dowan
  4309 | D:3      | Killed Duvessa
  4309 | D:3      | Reached skill level 2 in Throwing
  4346 | D:4      | Reached XP level 8. HP: 14/87 MP: 8/8
  4379 | D:4      | Noticed Natasha
  4399 | D:5      | Entered Level 5 of the Dungeon
  4434 | D:5      | Noticed Ijyb
  4468 | D:6      | HP: 5/130 [gnoll/+0 flail (2)]
  4471 | D:6      | Mangled by a gnoll

Levels and vault maps discovered:
D:1:      elethiomel_arrival_quiet, layout_rooms
D:2:      layout_rooms
D:3:      minmay_general_purpose_star, layout_basic, uniq_sigmund
D:4:      layout_rooms, nicolae_overflow_crystal_walls, uniq_duvessa,
          uniq_natasha, uniq_eustachio, uniq_menkaure
D:5:      layout_layer_cave, first_ration, uniq_ijyb
D:6:      layout_basic, lemuel_crystal_altar, nemelex_xobeh_ov_fountains_minmay,
          enter_ossuary_2, hangedman_decor_peaks_small, grunt_ministairs_11,
          serial_bayou_ford_a

Skill      XL: |  1  2  3  4  5  6  7 |
---------------+----------------------+-----
Maces & Flails | 2 3 4 5 6 |  6.5
Fighting       | 6 7 |  7.4
Throwing       | 1 2 |  2.4
Dodging        | |  2.6
Shields        | |  2.6

Action                   |  1- 3 |  4- 6 |  7- 9 || total
-------------------------+-------+-------+-------++-------
Melee: Flail             |   141 |    55 |       ||   196
       Morningstar       |       |    88 |    57 ||   145
  Use: Scroll            |     1 |     9 |     2 ||    12
       Potion            |       |     1 |     1 ||     2
  Eat: Chunk             |     2 |     4 |     2 ||     8
       Ration            |       |     1 |       ||     1
Armor: Robe              |    53 |    74 |    18 ||   145
Dodge: Dodged            |    63 |    84 |    30 ||   177
Block: Kite shield       |    72 |    92 |    24 ||   188

Table legend:
 A = Non-vault XP
 B = Vault XP
 C = Vault XP percentage of total XP
 D = Non-vault monster count
 E = Vault monster count
 F = Vault count percentage of total count
                 A         B        C        D         E       F
            +---------+---------+-------+---------+---------+-------
      Total |     482 |     788 |  62.0 |      75 |       8 |   9.6
            +---------+---------+-------+---------+---------+-------
        D:1 |      62 |       0 |   0.0 |      31 |       0 |   0.0
        D:2 |      60 |       0 |   0.0 |      24 |       0 |   0.0
        D:3 |      17 |     386 |  95.8 |       4 |       5 |  55.6
        D:4 |     301 |     402 |  57.2 |      13 |       3 |  18.8
        D:6 |      42 |       0 |   0.0 |       3 |       0 |   0.0
            +---------+---------+-------+---------+---------+-------
